 Dungeon Crawl Stone Soup version 0.31.0-32-g396128a36d (webtiles) character file.

Game seed: 347082721182066309

85019 Valakon2 the Severer (level 15, -9/143 HPs)
             Began as a Minotaur Fighter on Mar 27, 2024.
             Was the Champion of Okawaru.
             Killed by divine providence
             ... invoked by Saint Roka
              (11 damage)
             ... on level 2 of the Orcish Mines.
             The game lasted 01:40:01 (18430 turns).

Valakon2 the Severer (Minotaur Fighter)            Turns: 18430, Time: 01:40:01

Health: -9/143     AC: 40    Str: 29    XL:     15   Next: 36%
Magic:  0/17       EV:  9    Int:  5    God:    Okawaru [******]
Gold:   1630       SH:  7    Dex: 14    Spells: 14/14 levels left

rFire   . . .        u - +7 war axe of Corruption {venom, Dex+5}
rCold   x . .        c - +0 buckler
rNeg    . . .        X - +15 Maxwell's patent armour {-Cast -Tele rElec Will+ rCorr}
rPois   .            m - +2 hat
rElec   +            U - +1 cloak
rCorr   +            (no gloves)
SInv    .            (no boots)
Will    +++..        z - amulet of guardian spirit Stlth
                     T - +4 ring of protection
HPRegen 0.43/turn    D - ring "Imil" {rC- Will+ Slay+5}
MPRegen 0.15/turn

%: no teleportation, no spellcasting, guardian spirit
@: studying Long Blades
A: horns 2, retaliatory headbutt
a: Renounce Religion, Heroism, Finesse, Duel


You were on level 2 of the Orcish Mines.
You worshipped Okawaru.
Okawaru was exalted by your worship.
You visited 4 branches of the dungeon, and saw 18 of its levels.
You also visited: Bailey and Ice Cave.

You collected 1630 gold pieces.

Inventory:

Hand Weapons
 u - the +7 war axe of Corruption (weapon) {venom, Dex+5}
   (You took it off an orc wizard on level 8 of the Dungeon)

   Dex+5:     It affects your dexterity (+5).
 L - a +5 battleaxe
 Q - a +1 triple sword of freezing
 W - a +1 executioner's axe of draining
Missiles
 d - 5 silver javelins
 e - 2 javelins
 g - 11 boomerangs (quivered)
 C - 7 throwing nets
 M - 28 poisoned darts
 Y - 6 atropa-tipped darts
 Z - 2 curare-tipped darts
Armour
 c - a +0 buckler (worn)
 m - a +2 hat (worn)
 v - a scarf of invisibility
 H - a +4 plate armour
 U - a +1 cloak (worn)
 X - the +15 Maxwell's patent armour (worn) {-Cast -Tele rElec Will+ rCorr}
   (Okawaru gifted it to you on level 4 of the Lair of Beasts)

   rElec:     It insulates you from electricity.
   Will+:     It increases your willpower.
   -Cast:     It prevents spellcasting.
   -Tele:     It prevents most forms of teleportation.
   rCorr:     It protects you from acid and corrosion.
Jewellery
 j - a ring of protection from cold
 p - a ring of ice
 x - a ring of positive energy
 z - an amulet of guardian spirit (around neck)
 D - the ring "Imil" (right hand) {rC- Will+ Slay+5}
   (You took it off a gnoll on level 6 of the Dungeon)

   [ring of willpower]

   Slay+5:    It affects your accuracy & damage with ranged weapons and melee
   (+5).
   rC-:       It makes you vulnerable to cold.
   Will+:     It increases your willpower.
 I - a +6 ring of dexterity
 T - a +4 ring of protection (left hand)
Talismans
 n - a beast talisman
 o - a storm talisman
 s - a blade talisman
 J - a flux talisman
Wands
 w - a wand of flame (24)
 A - a wand of roots (21)
 B - a wand of digging (4)
 S - a wand of polymorph (3)
 V - a wand of mindburst (9)
Scrolls
 b - 2 scrolls of identify
 h - 5 scrolls of teleportation
 l - 3 scrolls of fog
 r - 3 scrolls of blinking
 t - 2 scrolls of revelation
 y - 10 scrolls of amnesia
 E - 2 scrolls of enchant weapon
 F - 3 scrolls of fear
 G - 3 scrolls of immolation
 N - a scroll of vulnerability
Potions
 a - a potion of enlightenment
 f - 2 potions of invisibility
 i - 4 potions of curing
 k - a potion of heal wounds
 q - 3 potions of berserk rage
 K - 2 potions of brilliance
 O - 2 potions of ambrosia
 P - a potion of haste
 R - a potion of mutation


   Skills:
 + Level 15.7 Fighting
 + Level 18.9 Axes
 + Level 3.7 Throwing
 + Level 14.7 Armour
 + Level 3.5 Dodging
 + Level 3.1 Stealth
 + Level 12.1 Shields
 - Level 5.0 Invocations
 - Level 5.0 Evocations


You had 14 spell levels left.
You didn't know any spells.
Your spell library contained the following spells:

 Spells                   Type           Power      Damage    Failure   Level
 Apportation              Tloc           0%         N/A       98%         1
 Sandblast                Erth           0%         2d4       98%         1
 Jinxbite                 Hex            0%         N/A       99%         2
 Mercury Vapours          Alch/Air       0%         N/A       99%         2
 Sublimation of Blood     Necr           0%         N/A       99%         2
 Frozen Ramparts          Ice            0%         1d1       100%        3
 Inner Flame              Hex/Fire       0%         N/A       100%        3
 Mephitic Cloud           Conj/Alch/Air  0%         N/A       100%        3
 Passwall                 Erth           0%         N/A       100%        3
 Stone Arrow              Conj/Erth      0%         3d7       100%        3
 Brom's Barrelling Bould  Conj/Erth      0%         2d3       100%        4
 Flame Wave               Conj/Fire      0%         2d4       100%        4
 Leda's Liquefaction      Alch/Erth      0%         N/A       100%        4
 Petrify                  Alch/Erth      0%         N/A       100%        4
 Sticky Flame             Fire/Alch      0%         2d4       100%        4
 Alistair's Intoxication  Alch           0%         N/A       100%        5
 Freezing Cloud           Conj/Ice/Air   0%         6-21      100%        5
 Irradiate                Conj/Alch      0%         3d11      100%        5
 Metabolic Englaciation   Hex/Ice        0%         N/A       100%        5
 Yara's Violent Unravell  Hex/Alch       0%         3d3       100%        5
 Enfeeble                 Hex            0%         N/A       100%        7
 Ignition                 Fire           0%         3d3       100%        8
 Call Imp                 Summ           Unusable   N/A       N/A         2
 Summon Hydra             Summ           Unusable   N/A       N/A         7

Dungeon Overview and Level Annotations

Branches:
Dungeon (10/15)            Temple (1/1) D:6            Lair (5/5) D:10
  Swamp (0/4) Lair:2       Spider (0/4) Lair:2        Slime (0/5) Lair:5
    Orc (2/2) D:10            Elf (0/3) Orc:2        Bailey (visited)
  IceCv (visited)

Altars:
Ashenzari
Cheibriados
Dithmenos
Elyvilon
Fedhas
Gozag
Hepliaklqana
Kikubaaqudgha
Makhleb
Nemelex Xobeh
Okawaru
Qazlal
Ru
Sif Muna
Trog
Uskayaw
Vehumet
Wu Jian
Xom
Yredelemnul
Zin
The Shining One
Jiyva

Shops:
D:4 (

Annotations:
D:8 3 runed translucent doors, hawkwood's ghost, novice DgAr
Lair:1 2 transporters
Lair:4 2 transporters, Kyusiynim's ghost, journeyman GnEn
Lair:5 exclusion: obsidian statue
Orc:2 Saint Roka


Innate Abilities, Weirdness & Mutations

You have a pair of horns on your head.
You reflexively headbutt those who attack you in melee.


Message History

Aim: Saint Roka, wielding a +5 arbalest of flaming and wearing a +0 plate armour (moderately wounded, unable to see you, poisoned)
The roots erupt in riotous growth!
Roots grab Saint Roka.
Roots grab the orc warrior.
The grasping roots constrict Saint Roka, but do no damage.
The grasping roots constrict the orc warrior.
The orc warrior shoots an arrow.
Saint Roka shoots a bolt.
The bolt hits you!
* * * LOW HITPOINT WARNING * * *
The bolt burns you.
* * * LOW HITPOINT WARNING * * *
The roots lose their grip on something.
The grasping roots constrict Saint Roka.
Saint Roka shoots a bolt.
The bolt hits the orc warrior!!!
The bolt burns the orc warrior.
The orc warrior dies!
Items here: )) [[.
The roots lose their grip on something.
You flicker for a moment.
Saint Roka shoots a bolt.
Saint Roka shoots a bolt.
The bolt hits you!
* * * LOW HITPOINT WARNING * * *
The bolt burns you.
* * * LOW HITPOINT WARNING * * *
You flicker back into view.
Saint Roka roars a battlecry!
Saint Roka calls down the wrath of Beogh upon you.
Beogh smites you!
* * * LOW HITPOINT WARNING * * *
Saint Roka invokes the aid of Beogh against you.
Beogh smites you!
* * * LOW HITPOINT WARNING * * *
What level of the Dungeon? (default 10, ? - help) Saint Roka is nearby!
Saint Roka shoots a bolt.
The bolt barely misses you.
Saint Roka invokes the aid of Beogh against you.
Beogh smites you!
* * * LOW HITPOINT WARNING * * *
Saint Roka calls down the wrath of Beogh upon you.
Beogh smites you!
You die...
Saint Roka roars, "Praise to Beogh!"

.#####.........##
...8...........##
................# #####
................####.##.
...o....)).......##.....
...8...).)).).....##....
.#####).$).......###....
#.........###...))).
#..@))†..........#)#
##................).
#.......o.......#.#
#........o......###
#..............##
#...............#
.......$...........#
................$.>..#
.......................#


You could see Saint Roka and an orc (strong).

Vanquished Creatures
  Kirke (Lair:5)
  An eleionoma (Lair:2)
  4 dire elephants (Lair:5)
  Harold (Lair:1)
  3 hydras
  Fannar (D:10)
  Erica (D:10)
  A boulder beetle (Lair:4)
  4 two-headed ogres
  9 death yaks
  A spectral dire elephant (Lair:5)
  2 skysharks
  A spectral death yak (Lair:5)
  A spectral anaconda (Lair:5)
  A goliath frog (Lair:5)
  An oklob plant (Lair:5)
  2 orc knights
  3 necromancers (Lair:5)
  3 orc sorcerers
  Maurice (D:10)
  9 elephants (Lair:5)
  3 kobold blastminers
  7 black mambas
  A dire elephant zombie (Lair:5)
  A molten gargoyle (Lair:1)
  Jeremiah (D:7)
  A gargoyle (Bailey)
  13 cane toads
  2 torpor snails
  3 rime drakes
  11 komodo dragons
  2 ice devils (Lair:4)
  A hornet (D:7)
  9 polar bears
  2 trolls
  12 blink frogs
  2 spectral elephants (Lair:5)
  Sigmund (D:5)
  A shadow (D:10)
  4 wyverns
  A vampire (Bailey)
  Eustachio (D:6)
  82 yaks
  7 hogs (Lair:5)
  3 wargs
  3 redbacks (Lair:2)
  5 steam dragons
  2 death yak simulacra (Lair:5)
  20 water moccasins
  An acid dragon (D:10)
  12 orc warriors
  A black bear (D:6)
  An ice beast (D:7)
  2 sky beasts (D:7)
  An elephant zombie (Lair:5)
  8 ogres
  A crocodile (D:7)
  39 wolves
  An elephant skeleton (Lair:5)
  4 centaurs
  A phantom (D:5)
  3 kobold brigands (D:10)
  15 bullfrogs
  A scorpion (D:5)
  5 gnoll sergeants
  2 cane toad simulacra (Lair:5)
  11 wights
  A killer bee (D:7)
  2 elephant simulacra (Lair:5)
  7 howler monkeys
  6 wolf zombies (Bailey)
  7 vampire bats (Bailey)
  7 orc priests
  3 bombardier beetles
  3 jellies
  A gnoll bouda (D:9)
  An iguana (D:5)
  4 sleepcaps
  20 orc wizards
  34 gnolls
  8 adders
  A shadow imp (D:7)
  6 white imps
  3 dart slugs
  3 ribbon worms
  53 orcs
  7 ball pythons
  8 bats
  4 endoplasms
  A giant cockroach (D:1)
  9 goblins
  6 hobgoblins
  4 jackals
  3 kobolds
  2 quokkas
  2 frilled lizards
  21 orc zombies (Bailey)
  3 rats
601 creatures vanquished.

Vanquished Creatures (others)
  4 orc warriors (Orc:2)
  An orc (Orc:2)
5 creatures vanquished.

Grand Total: 606 creatures vanquished

Notes
Turn   | Place    | Note
-------+----------+-------------------------------------------
     0 | D:1      | Valakon2 the Minotaur Fighter began the quest for the Orb.
     0 | D:1      | Reached XP level 1. HP: 19/19 MP: 0/0
   137 | D:1      | Reached XP level 2. HP: 27/27 MP: 1/1
   538 | D:1      | Reached XP level 3. HP: 33/33 MP: 2/2
  1017 | D:2      | Reached skill level 3 in Axes
  1679 | D:3      | Reached XP level 4. HP: 38/40 MP: 3/3
  2017 | D:3      | Reached skill level 1 in Dodging
  2021 | D:3      | Reached skill level 4 in Axes
  2021 | D:3      | Reached XP level 5. HP: 39/47 MP: 4/4
  2354 | D:4      | Identified a scroll of acquirement
  2354 | D:4      | Acquired a +3 heavy broad axe
  2728 | D:4      | Found Wishrutze's Weapon Shop.
  3115 | D:5      | Entered Level 5 of the Dungeon
  3117 | D:5      | Reached skill level 5 in Axes
  3117 | D:5      | Reached skill level 5 in Armour
  3117 | D:5      | Reached XP level 6. HP: 40/53 MP: 5/5
  3237 | D:5      | Noticed Sigmund
  3256 | D:5      | Killed Sigmund
  3257 | D:5      | Reached skill level 6 in Axes
  3289 | D:5      | Reached skill level 5 in Fighting
  3296 | D:5      | You fall into a shaft and drop 3 floors!
  3333 | D:8      | Reached XP level 7. HP: 30/61 MP: 6/6
  3441 | D:8      | Noticed a wyvern
  3456 | D:8      | Noticed a steam dragon
  3459 | D:8      | Reached skill level 1 in Evocations
  3468 | D:8      | Killed a steam dragon
  3469 | D:8      | Reached skill level 7 in Axes
  3556 | D:8      | Reached skill level 1 in Throwing
  3592 | D:8      | Identified the +7 war axe of Corruption {venom, Dex+5}
  3966 | D:8      | Found a runed translucent gate.
  4022 | D:7      | Reached skill level 5 in Shields
  4068 | D:6      | Reached XP level 8. HP: 57/70 MP: 7/7
  4280 | D:6      | Identified the ring "Imil" {rC- Will+ Slay+5}
  4287 | D:6      | Reached skill level 8 in Axes
  4293 | D:6      | Noticed Eustachio
  4317 | D:6      | Killed Eustachio
  4548 | D:5      | Reached skill level 9 in Axes
  4909 | D:6      | Found a staircase to the Ecumenical Temple.
  4921 | Temple   | Entered the Ecumenical Temple
  5544 | D:7      | Reached XP level 9. HP: 77/77 MP: 8/8
  5594 | D:7      | Reached skill level 10 in Axes
  5602 | D:7      | Noticed a two-headed ogre
  5613 | D:7      | Killed a two-headed ogre
  5614 | D:7      | Reached skill level 11 in Axes
  6023 | D:7      | Reached XP level 10. HP: 73/84 MP: 9/9
  6293 | D:7      | Reached skill level 12 in Axes
  6379 | D:7      | Noticed Jeremiah
  6464 | D:7      | Killed Jeremiah
  6661 | D:7      | Noticed a two-headed ogre
  6681 | D:7      | Killed a two-headed ogre
  7115 | D:7      | Found a radiant altar of Vehumet.
  7638 | D:8      | Reached skill level 13 in Axes
  8003 | D:8      | Found a runed translucent gate.
  8003 | D:8      | Found a runed translucent gate.
  8004 | D:8      | Noticed hawkwood's ghost (novice DgAr)
  8653 | D:9      | Noticed a two-headed ogre
  8670 | D:9      | Killed a two-headed ogre
  8671 | D:9      | Reached skill level 14 in Axes
  8671 | D:9      | Reached XP level 11. HP: 73/95 MP: 7/10
  8746 | D:9      | Reached skill level 10 in Armour
  8996 | D:10     | Entered Level 10 of the Dungeon
  9037 | D:10     | Found a hazy altar of Hepliaklqana.
  9065 | D:10     | Found an iron altar of Okawaru.
  9069 | D:10     | Became a worshipper of Warmaster Okawaru
  9077 | D:10     | Found a broken altar of Ashenzari.
  9084 | D:10     | Found a basalt altar of Yredelemnul.
  9090 | D:10     | Found a sparkling altar of Nemelex Xobeh.
  9097 | D:10     | Found a burning altar of Makhleb.
  9103 | D:10     | Found a shimmering blue altar of Sif Muna.
  9159 | D:10     | Found a shadowy altar of Dithmenos.
  9162 | D:10     | Found a glowing silver altar of Zin.
  9168 | D:10     | Found a sacrificial altar of Ru.
  9172 | D:10     | Found a bloodstained altar of Trog.
  9177 | D:10     | Found a glowing golden altar of the Shining One.
  9191 | D:10     | Found an ancient bone altar of Kikubaaqudgha.
  9211 | D:10     | Found a flagged portal.
  9228 | Bailey   | Entered a bailey
  9304 | Bailey   | Reached * piety under Okawaru
  9434 | Bailey   | Identified the +3 leather armour of the Spider Nest {Dex+2}
  9573 | D:10     | Found a staircase to the Lair.
  9588 | Lair:1   | Entered Level 1 of the Lair of Beasts
  9606 | Lair:1   | Reached skill level 10 in Fighting
  9613 | Lair:1   | Reached ** piety under Okawaru
  9617 | Lair:1   | Reached skill level 15 in Axes
  9650 | Lair:1   | Noticed Harold
  9667 | Lair:1   | Killed Harold
  9671 | Lair:1   | Reached *** piety under Okawaru
  9765 | Lair:1   | Found a transporter.
  9769 | Lair:1   | Found a transporter.
  9769 | Lair:1   | Noticed a boulder beetle
  9770 | Lair:1   | Noticed a boulder beetle
  9833 | Lair:1   | Reached XP level 12. HP: 87/108 MP: 9/11
  9834 | Lair:1   | Reached **** piety under Okawaru
  9844 | Lair:1   | Reached skill level 16 in Axes
 10052 | Lair:1   | Reached XP level 13. HP: 116/116 MP: 12/12
 10496 | Lair:1   | Reached skill level 10 in Shields
 10797 | Lair:2   | Reached ***** piety under Okawaru
 10970 | Lair:2   | Found a hole to the Spider Nest.
 11004 | Lair:2   | Reached skill level 17 in Axes
 11031 | Lair:2   | Found a glowing golden altar of the Shining One.
 11148 | Lair:2   | Received a gift from Okawaru
 11556 | Lair:2   | Found a staircase to the Swamp.
 11556 | Lair:2   | Noticed an eleionoma
 11562 | Lair:2   | Killed an eleionoma
 12078 | Lair:3   | Reached skill level 5 in Evocations
 12078 | Lair:3   | Received a gift from Okawaru
 13111 | Lair:4   | Noticed Kyusiynim's ghost (journeyman GnEn)
 13116 | Lair:4   | Found a transporter.
 13119 | Lair:4   | Found a transporter.
 13341 | Lair:4   | Identified the +0 robe of Plog {+Inv rPois Stlth-}
 13466 | Lair:4   | Found a frozen archway.
 13474 | Lair:4   | Reached XP level 14. HP: 113/129 MP: 11/13
 13480 | IceCv    | Entered an ice cave
 13541 | IceCv    | Received a gift from Okawaru
 13775 | IceCv    | Reached ****** piety under Okawaru
 13947 | IceCv    | Reached skill level 1 in Invocations
 13951 | IceCv    | Received a gift from Okawaru
 15161 | Lair:4   | Acquired a +1 executioner's axe of draining
 15161 | Lair:4   | Received a gift from Okawaru
 15163 | Lair:4   | Acquired the +15 Maxwell's patent armour {-Cast -Tele rElec
                  | Will+ rCorr}
 15163 | Lair:4   | Received a gift from Okawaru
 15163 | Lair:4   | Found the +15 Maxwell's patent armour {-Cast -Tele rElec
                  | Will+ rCorr}
 15176 | Lair:5   | Entered Level 5 of the Lair of Beasts
 15502 | Lair:5   | Reached skill level 18 in Axes
 15515 | Lair:5   | Found a staircase to the Slime Pits.
 15537 | Lair:5   | Found a viscous altar of Jiyva.
 15724 | Lair:5   | Noticed Kirke
 15740 | Lair:5   | Killed Kirke
 15837 | Lair:5   | Received a gift from Okawaru
 15970 | Lair:5   | Identified the +4 sling of Big Damage {speed, Str+3}
 16185 | Lair:5   | Received a gift from Okawaru
 16321 | Lair:5   | Reached skill level 15 in Fighting
 16863 | Lair:5   | Reached XP level 15. HP: 141/141 MP: 17/17
 16995 | Lair:5   | Reached skill level 5 in Invocations
 17606 | D:10     | Noticed Maurice
 17619 | D:10     | Killed Maurice
 17645 | D:10     | Noticed Fannar
 17651 | D:10     | Killed Fannar
 17702 | D:10     | Noticed Erica
 17709 | D:10     | Killed Erica
 17763 | D:10     | Found a staircase to the Orcish Mines.
 17854 | D:10     | Found an ornate altar of the Wu Jian Council.
 17896 | Orc:1    | Entered Level 1 of the Orcish Mines
 17926 | Orc:1    | Received a gift from Okawaru
 18139 | Orc:2    | Entered Level 2 of the Orcish Mines
 18238 | Orc:2    | Found Dalac's Distillery.
 18349 | Orc:2    | Noticed Saint Roka
 18377 | Orc:2    | Found a staircase to the Elven Halls.
 18420 | Orc:2    | HP: 7/143 [Saint Roka/divine providence (11)]
 18429 | Orc:2    | HP: 1/143 [Saint Roka/divine providence (9)]
 18430 | Orc:2    | Killed from afar by Saint Roka

Illustrated notes

Levels and vault maps discovered:
D:1:      minmay_arrival_radiant_lines, layout_basic, serial_rivers,
          chequers_serial_rivers_micro_a, chequers_serial_rivers_micro_c,
          chequers_serial_rivers_micro_a, chequers_serial_rivers_micro_b,
          minmay_cupped
D:2:      layout_basic, serial_co_window_serial, co_window_of_opportunity_a,
          co_window_cross_1, co_window_paths_a, co_window_corner_a,
          co_window_paths_a, co_window_broadway_b, co_window_unsneaky_path_a,
          co_window_paths_c, co_window_paths_e, glass_columns_b,
          glass_columns_a, glass_columns_a
D:3:      layout_basic, corexii_hall_statues_deadend,
          nicolae_twisty_statue_hallways
D:4:      layout_basic, serial_shops, shop
D:5:      layout_rooms, uniq_sigmund
D:6:      layout_basic, lemuel_temple_firewalk_b, uniq_eustachio
D:7:      regret_index_malice_mire, layout_basic, kennysheep_little_box,
          uniq_jeremiah
D:8:      layout_basic, gammafunk_ghost_nasty_kobolds, reono_crystal_passage
D:9:      layout_cave_pools
D:10:     layout_basic, grunt_temple_overflow_octagram, kennysheep_mini,
          nicolae_overflow_hallway_of_the_gods, lair_entry_dummy,
          kennysheep_orc_monster_closet_entryway, enter_bailey_5, uniq_fannar,
          uniq_maurice, uniq_erica
Temple:   hellmonk_temple_of_storms
Lair:1:   gammafunk_boulding_lane, layout_gridlike, uniq_harold
Lair:2:   layout_roguey, alex1729_swamp_entry_worm_eleionoma,
          spider_nest_entry_a, basic_altar, grunt_megastairs_1
Lair:3:   layout_chaotic_city, chequers_serial_rivers_small_a,
          chequers_serial_rivers_room_b, lemuel_fruit_fields,
          infiniplex_staircase_pool_2
Lair:4:   layout_regular_city, gammafunk_ghost_arena,
          portal_ice_cave_demonic_guard, gauntlet_entry_generic,
          infiniplex_staircase_pool, grunt_megastairs_5, lemuel_fruit_tree
Lair:5:   due_jungle_book, layout_small_grid, slime_entry_1,
          hellmonk_talismancer, grunt_megastairs_3, uniq_kirke
Orc:1:    layout_diamond_mine
Orc:2:    grunt_orc_cross, layout_diamond_mine, serial_shops, nicolae_shop_stone

Skill      XL: |  1  2  3  4  5  6  7  8  9 10 11 12 13 14 15 |
---------------+----------------------------------------------+-----
Shields        | 4 5 6 7 8 9 10 11 12 | 12.1
Armour         | 4 5 6 7 8 9 10 11 13 14 | 14.7
Fighting       | 4 5 6 7 8 10 11 13 15 | 15.7
Axes           | 3 4 5 6 7 9 11 14 15 16 17 18 | 18.9
Dodging        | 1 2 3 |  3.5
Evocations     | 1 2 4 5 |  5.0
Throwing       | 1 2 3 |  3.7
Stealth        | 2 3 |  3.1
Invocations    | 4 5 |  5.0

Action                     |  1- 3 |  4- 6 |  7- 9 | 10-12 | 13-15 || total
---------------------------+-------+-------+-------+-------+-------++-------
  Melee: War axe           |    87 |    59 |   173 |   288 |   680 ||  1287
         Headbutt          |     6 |    11 |    40 |    69 |   197 ||   323
         Broad axe         |       |    40 |    32 |       |       ||    72
  Throw: Boomerang         |       |     4 |       |     1 |    37 ||    42
 Invoke: Receive Weapon    |       |       |       |       |     1 ||     1
         Receive Armour    |       |       |       |       |     1 ||     1
  Evoke: Wand              |       |     4 |     4 |     6 |     6 ||    20
    Use: Scroll            |     8 |     5 |     6 |     9 |     2 ||    30
         Potion            |       |     5 |     2 |     2 |     3 ||    12
   Stab: Invisible         |       |       |       |       |     1 ||     1
 Armour: Scale mail        |    31 |       |       |       |       ||    31
         Chain mail        |    32 |   103 |    89 |       |       ||   224
         Plate armour      |       |       |    56 |   226 |   526 ||   808
  Dodge: Dodged            |    48 |    53 |    68 |   109 |   224 ||   502
  Block: Buckler           |    30 |    23 |    66 |    89 |   184 ||   392
